 Dungeon Crawl Stone Soup version 0.31-a0-859-g9dce7d3444 (webtiles) character file.

Game seed: 6463862333479500307

2588 Shayle the Trooper (level 9, -7/71 HPs)
             Began as a Demonspawn Warper on Oct 9, 2023.
             Was an Initiate of Ashenzari.
             Mangled by a gnoll sergeant
             ... wielding a +0 halberd
              (11 damage)
             ... in a bailey.
             The game lasted 00:28:01 (6762 turns).

Shayle the Trooper (Demonspawn Warper)              Turns: 6762, Time: 00:28:02

Health: -7/71      AC: 13    Str: 18    XL:     9   Next: 32%
Magic:  13/18      EV: 11    Int: 18    God:    Ashenzari [......]
Gold:   810        SH:  0    Dex: 13    Spells: 10/20 levels left

rFire   . . .        p - +3 spear
rCold   . . .        (no shield)
rNeg    . . .        l - +0 ring mail
rPois   .            (helmet unavailable)
rElec   .            s - +0 cloak
rCorr   .            (no gloves)
SInv    .            (no boots)
Will    .....        i - amulet of regeneration
Stlth   +            k - +6 ring of strength
HPRegen 1.11/turn    j - ring of Ashenzari's Levity {AC+4, Alch, Elem} (curse)
MPRegen 0.16/turn

%: no passive effects
@: about to teleport, hasted (expiring), very quick
A: horns 3, icy blue scales 1, powered by pain 1, demonic magic 1
a: Renounce Religion, Curse Item, Shatter the Chains


You were in a bailey.
You worshipped Ashenzari.
Ashenzari was noncommittal.
You visited 1 branch of the dungeon, and saw 7 of its levels.
You also visited: Sewer and Bailey.

You collected 810 gold pieces.

Inventory:

Hand Weapons
 p - a +3 spear (weapon)
 y - a +2 scimitar
Missiles
 a - 2 throwing nets
 d - 5 darts of dispersal
 g - 6 poisoned darts (quivered)
Armour
 b - a +0 leather armour
 c - an orb of guile
 l - a +0 ring mail (worn)
 s - a +0 cloak (worn)
 x - a +0 kite shield
Jewellery
 h - an amulet of guardian spirit
 i - an amulet of regeneration (around neck)
 j - the cursed ring of Ashenzari's Levity (right hand) {AC+4, Alch, Elem}
   (You found it on level 2 of the Dungeon)

   [ring of protection]

   AC+4:      It affects your AC (+4).
   It has a curse which improves the following skills: Alchemy: Poison Magic and
   Transmutations.
   Elements:  Fire Magic, Ice Magic, Air Magic and Earth Magic.
 k - a +6 ring of strength (left hand)
Scrolls
 e - a scroll of amnesia
 f - 2 scrolls of teleportation
 m - a scroll of enchant armour {unknown}
 o - 2 scrolls of torment
Potions
 u - a potion of haste
 w - 3 potions of degeneration


   Skills:
 + Level 6.7 Fighting
 - Level 1.7 Polearms
 - Level 0.8 Throwing
 + Level 5.8 Armour
 - Level 1.7 Dodging
 + Level 6.1 Spellcasting
 + Level 4.8 Translocations
 + Level 3.7(4.1) Air Magic


You had 10 spell levels left.
You knew the following spells:

 Your Spells              Type           Power      Damage    Failure   Level
a - Blink                 Tloc           44%        N/A       4%          2
b - Manifold Assault      Tloc           22%        N/A       26%         4
c - Vhi's Electric Charg  Tloc/Air       42%        N/A       30%         4

Your spell library contained the following spells:

 Spells                   Type           Power      Damage    Failure   Level
 Lesser Beckoning         Tloc           44%        N/A       4%          2
 Teleport Other           Tloc           22%        N/A       9%          3
 Momentum Strike          Conj/Tloc      28%        3d8       11%         2
 Passage of Golubria      Tloc           22%        N/A       26%         4
 Tukima's Dance           Hex            5%         N/A       52%         3
 Yara's Violent Unravell  Hex/Tmut       2%         3d3       99%         5


Dungeon Overview and Level Annotations

Branches:
Dungeon (7/15)             Temple (0/1) D:6           Sewer (visited)
 Bailey (1/1)

Altars:
Ashenzari

Annotations:
D:3 1 runed translucent door, Crazy Yiuf
D:4 3 runed translucent doors, QueensGambit's ghost, weakling MiHu


Innate Abilities, Weirdness & Mutations

You have a pair of large horns on your head.
You are partially covered in icy blue scales. (AC +2)
You sometimes gain a little power by taking damage.
Spells you cast may paralyse adjacent enemies.


Message History

You miss the wolf.
The wolf is severely wounded.
The wolf barely misses you. The gnoll sergeant barely misses you.
You closely miss the wolf.
The wolf is severely wounded.
The wolf bites you but does no damage.
The gnoll sergeant hits you from afar with a +0 halberd.
* * * LOW HITPOINT WARNING * * *
You hit the wolf. Your headbutt misses the wolf.
The wolf is severely wounded.
The wolf closely misses you. The wolf bites you but does no damage.
You hit the wolf but do no damage.
The wolf is severely wounded.
The gnoll sergeant hits you from afar with a +0 halberd!
* * * LOW HITPOINT WARNING * * *
The wolf bites you but does no damage.
You see here a scroll labelled FYOSUL NIUCAUL.
You hit the wolf but do no damage. You headbutt the wolf.
You kill the wolf!
You aren't carrying any items that you can evoke.
Unknown command.
m - a scroll labelled FYOSUL NIUCAUL Your extra speed is starting to run out.
The gnoll sergeant hits you but does no damage.
As you read the scroll of teleportation, it crumbles to dust.
You feel strangely unstable.
The gnoll sergeant hits you from afar with a +0 halberd!
* * * LOW HITPOINT WARNING * * *
Reach: p) +3 spear
Press: ? - help, Dir - move target, f - gnoll sergeant
Aim: a gnoll sergeant, wielding a +0 halberd and wearing a +0 chain mail (about 24% to evade your +3 spear)
You reach to attack!
You barely miss the gnoll sergeant.
Unknown command.
Reach: p) +3 spear
Press: ? - help, Dir - move target, f/p - gnoll sergeant
Aim: a gnoll sergeant, wielding a +0 halberd and wearing a +0 chain mail (about 24% to evade your +3 spear)
You reach to attack!
You hit the gnoll sergeant.
The gnoll sergeant is lightly wounded.
The gnoll sergeant hits you from afar with a +0 halberd!
You die...

.##+###.....######..≈...♣♣
.....#.).....#...'.......♣♣♣#
.....)...8...'...'......∩..∩#
..gg.#.......#...'.......♣♣♣#
.##)###.....######..≈...♣♣
.#..h.##...##..'g#..≈.).♣
.#.....#####...#g#.)≈.).♣
.#......gg.g...#[#.)≈..♣♣
.##......#.....#@#.)≈.♣♣
..##.8...#...8.###.)≈.♣
...#############...≈≈♣♣
≈≈≈≈≈≈≈≈≈≈≈≈≈≈≈≈≈≈≈≈♣♣
♣♣♣♣♣♣♣♣♣♣♣♣♣♣♣♣♣♣♣♣♣


You could see 2 gnoll sergeants.

Vanquished Creatures
  Sigmund (D:5)
  A water moccasin (D:6)
  Duvessa (D:4)
  3 black bears
  3 ice beasts
  A wolf (Bailey)
  2 ogres
  2 bullfrogs (D:6)
  2 gnoll sergeants (Bailey)
  3 scorpions
  3 wights (D:5)
  Dowan (D:4)
  5 hounds
  A jelly (D:6)
  3 gnoll boudas (Bailey)
  2 orc priests (D:6)
  A sleepcap (D:5)
  3 iguanas
  2 orc wizards
  10 gnolls (Bailey)
  7 adders
  4 river rats
  A shadow imp (D:6)
  3 worms
  3 dart slugs
  9 orcs
  4 bats
  7 endoplasms
  5 giant cockroaches
  14 goblins
  6 hobgoblins
  5 quokkas
  6 ball pythons
  9 frilled lizards
  5 kobolds
  10 rats
148 creatures vanquished.

Notes
Turn   | Place    | Note
-------+----------+-------------------------------------------
     0 | D:1      | Shayle the Demonspawn Warper began the quest for the Orb.
     0 | D:1      | Reached XP level 1. HP: 16/16 MP: 3/3
    42 | D:1      | Reached skill level 1 in Armour
   143 | D:1      | Gained mutation: You have a pair of small horns on your
                  | head. [demonic ancestry]
   143 | D:1      | Reached XP level 2. HP: 21/22 MP: 5/5
   452 | D:1      | Gained mutation: You have a pair of horns on your head.
                  | [demonic ancestry]
   452 | D:1      | Reached XP level 3. HP: 27/28 MP: 6/6
  1428 | D:3      | Reached XP level 4. HP: 31/35 MP: 8/8
  2066 | D:3      | Found a runed translucent door.
  2067 | D:3      | Noticed Crazy Yiuf
  2275 | D:4      | Noticed an ogre
  2290 | D:4      | Killed an ogre
  2291 | D:4      | Gained mutation: You are partially covered in icy blue
                  | scales. (AC +2) [demonic ancestry]
  2291 | D:4      | Reached XP level 5. HP: 17/42 MP: 3/10
  2497 | D:4      | Learned a level 2 spell: Blink
  2627 | D:4      | Found a runed translucent gate.
  2628 | D:4      | Found a runed translucent gate.
  2630 | D:4      | Found a runed translucent gate.
  2637 | D:4      | Noticed Duvessa
  2637 | D:4      | Noticed Dowan
  2654 | D:4      | Killed Duvessa
  2655 | D:4      | Reached XP level 6. HP: 30/48 MP: 5/11
  2662 | D:4      | Killed Dowan
  3011 | D:4      | Noticed QueensGambit's ghost (weakling MiHu)
  3146 | D:4      | Gained mutation: You sometimes gain a little power by
                  | taking damage. [demonic ancestry]
  3146 | D:4      | Reached XP level 7. HP: 54/55 MP: 13/13
  3345 | D:5      | Entered Level 5 of the Dungeon
  3412 | D:5      | Found a broken altar of Ashenzari.
  3425 | D:5      | Became a worshipper of Ashenzari the Shackled
  3438 | D:5      | Found a glowing drain.
  3480 | Sewer    | Entered a sewer
  3626 | Sewer    | Reached skill level 5 in Fighting
  4058 | D:5      | Learned a level 4 spell: Manifold Assault
  4063 | D:5      | Learned a level 4 spell: Vhi's Electric Charge
  4122 | D:5      | Reached skill level 1 in Air Magic
  4314 | D:5      | Reached skill level 5 in Spellcasting
  4314 | D:5      | Gained mutation: You have a pair of large horns on your
                  | head. [demonic ancestry]
  4314 | D:5      | Reached XP level 8. HP: 54/63 MP: 12/15
  4414 | D:5      | Noticed Sigmund
  4429 | D:5      | Killed Sigmund
  4806 | D:6      | Reached skill level 5 in Armour
  5202 | D:6      | Found a staircase to the Ecumenical Temple.
  5462 | D:6      | Gained mutation: Spells you cast may paralyse adjacent
                  | enemies. [demonic ancestry]
  5462 | D:6      | Reached XP level 9. HP: 52/70 MP: 10/17
  5465 | D:6      | Identified a scroll of acquirement
  5465 | D:6      | Acquired 521 gold pieces
  5751 | D:7      | Found a flagged portal.
  5757 | Bailey   | Entered a bailey
  6726 | Bailey   | HP: 2/71 [wolf (4)]
  6749 | Bailey   | Identified the +0 scale mail "Buco" {+Blink Will- MP+9
                  | SInv}
  6760 | Bailey   | HP: 3/71 [gnoll sergeant/+0 halberd (9)]
  6762 | Bailey   | Mangled by a gnoll sergeant

Illustrated notes

Levels and vault maps discovered:
D:1:      minmay_arrival_nine_rooms, layout_basic, serial_bayou_pond_b,
          chequers_garden
D:2:      layout_rooms, chequers_serial_rivers_large_b
D:3:      layout_basic, minmay_misc_feat_encased, uniq_crazy_yiuf_cottage
D:4:      layout_loops_corners, gammafunk_ghost_icy, uniq_duvessa
D:5:      layout_rooms, evilmike_ruin_ashenzari, portal_sewer_entry_a,
          kennysheep_generic_room_2, uniq_sigmund
D:6:      layout_basic, minmay_temple_entry_sparse_star
D:7:      layout_loops_cross, nicolae_hepliaklqana_hazy_memory, enter_bailey_3,
          uniq_joseph
Bailey:   bailey_polearm_gnolls_kennysheep, bailey

Skill      XL: |  1  2  3  4  5  6  7  8  9 |
---------------+----------------------------+-----
Armour         | 1 2 3 4 5 |  5.8
Fighting       | 3 4 5 6 |  6.7
Spellcasting   | 3 4 5 6 |  6.1
Translocations | 3 4 |  4.8
Air Magic      | 1 3 |  3.7
Polearms       | |  1.7
Throwing       | |  0.8
Dodging        | |  1.7

Action                     |  1- 3 |  4- 6 |  7- 9 || total
---------------------------+-------+-------+-------++-------
  Melee: Spear             |   132 |   161 |   532 ||   825
         Headbutt          |    16 |    33 |   106 ||   155
         Punch             |     1 |     2 |     3 ||     6
  Throw: Dart              |       |     2 |    12 ||    14
   Cast: Manifold Assault  |       |       |    19 ||    19
         Blink             |       |       |     7 ||     7
         Vhi's Electric Ch |       |       |     4 ||     4
 Invoke: Curse Item        |       |       |     1 ||     1
    Use: Scroll            |       |       |    13 ||    13
         Potion            |       |       |    10 ||    10
   Stab: Paralysed         |       |       |    17 ||    17
 Armour: Leather armour    |    56 |       |       ||    56
         Ring mail         |    24 |   114 |   480 ||   618
  Dodge: Dodged            |    64 |    77 |   383 ||   524

Table legend: (Time is in decaauts)
 A = Elapsed time spent in this place.
 B = Non-inter-level travel time spent in this place.
 C = Inter-level travel time spent in this place.
 D = Time resting spent in this place.
 E = Time spent auto-exploring this place.
 F = Levels seen in this place.
 G = Mean time per level.
                   A        B        C        D        E       F      G
               +--------+--------+--------+--------+--------+-----+--------+
         Total |   6862 |   6424 |    438 |    468 |   3473 |   9 |  762.4 |
       Dungeon |   5410 |   4972 |    438 |    249 |   3314 |   7 |  772.9 |
         Sewer |    480 |    480 |      0 |      0 |    147 |   1 |  480.0 |
        Bailey |    971 |    971 |      0 |    219 |     11 |   1 |  971.0 |
               +--------+--------+--------+--------+--------+-----+--------+

Top non-repeatable levels by time:
     D:4: 1277 daAuts
     D:5: 1125 daAuts
  Bailey: 971 daAuts
     D:3: 834 daAuts
     D:1: 759 daAuts
     D:6: 730 daAuts
     D:2: 633 daAuts
   Sewer: 480 daAuts
     D:7: 49 daAuts
